 Dungeon Crawl Stone Soup version 0.30.1-3-gfc49f6343a (webtiles) character file.

Game seed: 3243802268183605830

196 Atelerd the Digger (level 5, 0/31 HPs)
             Began as an Octopode Earth Elementalist on July 31, 2023.
             Slain by a worm (11 damage)
             ... on level 4 of the Dungeon.
             The game lasted 00:02:05 (1564 turns).

Atelerd the Digger (Octopode Earth Elementalist)    Turns: 1564, Time: 00:02:06

Health: 0/31       AC:  1    Str:  7    XL:     5   Next: 75%
Magic:  17/19      EV: 13    Int: 18    God:
Gold:   194        SH:  0    Dex: 14    Spells: 6/11 levels left

rFire   . . .        c - +0 dagger
rCold   . . .        (no shield)
rNeg    . . .        (helmet restricted)
rPois   .            (no amulet)
rElec   .            f - ring of magical power
rCorr   .            (no ring)
SInv    .            (no ring)
Will    .....        (no ring)
Stlth   +++          (no ring)
HPRegen 0.25/turn    (no ring)
MPRegen 0.16/turn    (no ring)
                     (no ring)

%: no passive effects
@: no status effects
A: almost no armour, amphibious, 8 rings, camouflage 1, gelatinous body 1,
(nimble swimmer 1), tentacles
a: no special abilities


You were on level 4 of the Dungeon.
You visited 1 branch of the dungeon, and saw 4 of its levels.

You collected 194 gold pieces.

Inventory:

Hand Weapons
 c - a +0 dagger (weapon)
Jewellery
 f - a ring of magical power (left tentacle)
Scrolls
 e - 2 scrolls of identify {unknown}
 g - a scroll of teleportation {unknown}
 i - 3 scrolls of fear {unknown}
 j - a scroll of silence {unknown}
 k - a scroll of blinking {unknown}
Potions
 a - a potion of magic
 b - 2 potions of curing
 d - 2 potions of invisibility {unknown}
 h - a potion of heal wounds {unknown}


   Skills:
 + Level 0.0 Fighting
 * Level 0.1 Short Blades
 - Level 2.0 Dodging
 * Level 2.8 Stealth
 - Level 0.1 Unarmed Combat
 + Level 3.7 Spellcasting
 + Level 2.5 Transmutations
 + Level 4.4 Earth Magic


You had 6 spell levels left.
You knew the following spells:

 Your Spells              Type           Power      Damage    Failure   Level
a - Sandblast             Erth           38%        2d10      2%          1
p - Petrify               Tmut/Erth      15%        N/A       36%         4

Your spell library contained the following spells:

 Spells                   Type           Power      Damage    Failure   Level
 Passwall                 Tmut/Erth      12%        N/A       5%          2
 Stone Arrow              Conj/Erth      22%        3d8       19%         3
 Ensorcelled Hibernation  Hex/Ice        6%         N/A       22%         2
 Swiftness                Air            3%         N/A       41%         3


Dungeon Overview and Level Annotations

Branches:
Dungeon (4/15)
 Temple: D:4-7

Altars:
Gozag

Annotations:
D:3 Sigmund


Innate Abilities, Weirdness & Mutations

You cannot wear most types of armour.
You are amphibious.
You can wear up to eight rings at the same time.
Your skin changes colour to match your surroundings (Stealth+).
Your rubbery body absorbs attacks. (AC +1, EV +1)
((You are camouflaged when in or above water. (Stealth+)))
You have tentacles for arms and can constrict up to eight enemies at once.


Message History

There is a stone staircase leading up here.
There are monsters nearby!
There are monsters nearby!
There are monsters nearby!
There are monsters nearby!
The helpless jackal fails to defend itself.
You puncture the jackal!
You kill the jackal!
The jackal barks!
The ball python hisses angrily.
You hit the ball python. Your grab misses the ball python.
The ball python is moderately wounded.
The ball python barely misses you. The ball python misses you.
The blast of sand misses the ball python.
The jackal barely misses you. The ball python misses you.
The ball python closely misses you. The jackal bites you.
The goblin closely misses you.
The ball python bites you but does no damage.
The ball python barely misses you.
The blast of sand hits the ball python.
You kill the ball python!
The jackal barely misses you. The jackal closely misses you.
The goblin hits you with a +0 club.
The jackal bites you but does no damage.
The goblin hits you with a +0 club.
The blast of sand hits the scorpion but does no damage.
The jackal bites you but does no damage.
The scorpion misses you. The goblin hits you with a +0 club.
The jackal closely misses you.
You hit the scorpion but do no damage. You grab the scorpion.
You constrict the scorpion, but do no damage.
The scorpion misses you. The jackal closely misses you. The worm bites you!
The goblin barely misses you. The scorpion stings you.
* * * LOW HITPOINT WARNING * * *
You are too injured to fight recklessly!
Unknown command.
It was a potion of curing.
You feel better.
You constrict the scorpion. The jackal bites you. The goblin barely misses you.
The scorpion closely misses you. The worm bites you!
You die...

#....# #....#
###.... #.....#
#.....# #.....#
#.##.....#
#....g@w.#
#.....hs...#
#...........#
##.............
#.....>.......
#.............
######.###.##.
#.# .#


You could see a worm, a scorpion, a jackal and a goblin.

Vanquished Creatures
  An ogre (D:2)
  A scorpion (D:2)
  A gnoll (D:1)
  2 dart slugs
  3 ball pythons
  4 endoplasms
  4 giant cockroaches
  2 goblins
  4 hobgoblins
  5 jackals
  A kobold (D:2)
  A quokka (D:2)
  2 bats (D:1)
  6 frilled lizards
  6 rats
43 creatures vanquished.

Notes
Turn   | Place    | Note
-------+----------+-------------------------------------------
     0 | D:1      | Atelerd the Octopode Earth Elementalist began the quest for
                  | the Orb.
     0 | D:1      | Reached XP level 1. HP: 11/11 MP: 3/3
   130 | D:1      | Reached XP level 2. HP: 17/17 MP: 0/5
   368 | D:1      | Reached XP level 3. HP: 16/21 MP: 2/7
  1052 | D:2      | Noticed an ogre
  1069 | D:2      | Killed an ogre
  1070 | D:2      | Reached skill level 4 in Earth Magic
  1070 | D:2      | Reached XP level 4. HP: 27/27 MP: 5/9
  1070 | D:2      | Reached XP level 5. HP: 31/31 MP: 5/10
  1297 | D:2      | Learned a level 4 spell: Petrify
  1468 | D:2      | Found an opulent altar of Gozag.
  1545 | D:3      | Noticed Sigmund
  1564 | D:4      | Slain by a worm

Illustrated notes

Levels and vault maps discovered:
D:1:      dpeg_arrival_shelter, layout_rooms, chequers_serial_rivers_room_b,
          minmay_misc_feat_square
D:2:      layout_rooms, basic_altar
D:3:      layout_basic, nzn_wu_jian_council_hall,
          dreamdust_ecumenical_altar_grove, item_on_display_a, uniq_sigmund
D:4:      layout_basic, elyvilon_altar_4, gammafunk_ghost_necromancy,
          item_on_display_a, uniq_natasha, uniq_menkaure, uniq_pikel

Skill      XL: |  1  2  3 |
---------------+----------+-----
Spellcasting   | 3 |  3.7
Transmutations | 2 |  2.5
Earth Magic    | 4 |  4.4
Short Blades   | |  0.1
Dodging        | |  2.0
Stealth        | |  2.8
Unarmed Combat | |  0.1

Action                     |  1- 3 |  4- 6 || total
---------------------------+-------+-------++-------
  Melee: Unarmed           |     3 |       ||     3
         Constrict         |     3 |     2 ||     5
         Dagger            |     5 |    11 ||    16
         Tentacles         |     2 |     2 ||     4
   Cast: Sandblast         |    39 |    12 ||    51
         Petrify           |       |     1 ||     1
    Use: Potion            |       |     1 ||     1
   Stab: Petrified         |       |     7 ||     7
         Sleeping          |       |     1 ||     1
 Armour: Skin              |     1 |     3 ||     4
  Dodge: Dodged            |     7 |    16 ||    23
